 Dungeon Crawl Stone Soup version 0.21.1-1-g345015f (webtiles) character file.

136 tidbits the Grave Robber (level 5, -2/37 HPs)
             Began as a Gnoll Necromancer on June 13, 2018.
             Killed by divine providence
             ... invoked by an orc priest
              (9 damage)
             ... on level 4 of the Dungeon.
             The game lasted 00:05:09 (396 turns).

tidbits the Grave Robber (Gnoll Necromancer)         Turns: 396, Time: 00:05:09

Health: -2/37      AC:  2    Str: 10    XL:     5   Next: 19%
Magic:  1/12       EV: 15    Int: 19    God:
Gold:   38         SH:  0    Dex: 15    Spells: 6/14 levels left

rFire    . . .     SeeInvis .   m - +0 rapier (speed)
rCold    . . .     Gourm    .   (no shield)
rNeg     . . .     Faith    .   f - +0 robe
rPois    .         Spirit   .   (no helmet)
rElec    .         Reflect  .   (no cloak)
rCorr    .         Harm     .   (no gloves)
MR       .....                  (no boots)
Stlth    +++.......             (no amulet)
HPRegen  0.12/turn              (no ring)
MPRegen  0.13/turn              (no ring)

@: no status effects
A: distributed training, fangs 1, strong nose
a: no special abilities


You were on level 4 of the Dungeon.
You were not hungry.

You visited 1 branch of the dungeon, and saw 5 of its levels.

You collected 38 gold pieces.

Inventory:

Hand Weapons
 a - a +0 dagger
 m - a +0 rapier of speed (weapon)
   (You found it on level 4 of the Dungeon)
 n - a +0 war axe
Armour
 f - a +0 robe (worn)
Scrolls
 i - a scroll of magic mapping
 j - a scroll of remove curse
Books
 b - a book of Necromancy

   Spells                             Type                      Level
   a - Pain                           Necromancy                   1
   b - Animate Skeleton               Necromancy                   1
   c - Vampiric Draining              Necromancy                   3
   d - Regeneration                   Charms/Necromancy            3
   e - Animate Dead                   Necromancy                   4
   f - Borgnjor's Vile Clutch         Necromancy/Earth             5
Comestibles
 c - 4 rations


   Skills:
 + Level 1.3 Fighting
 + Level 1.3 Short Blades
 + Level 1.3 Long Blades
 + Level 1.3 Axes
 + Level 1.3 Maces & Flails
 + Level 1.3 Polearms
 + Level 1.3 Staves
 + Level 1.3 Slings
 + Level 1.3 Bows
 + Level 1.3 Crossbows
 + Level 1.3 Throwing
 + Level 1.3 Armour
 + Level 4.7 Dodging
 + Level 4.3 Stealth
 + Level 1.3 Shields
 + Level 1.3 Unarmed Combat
 + Level 5.1 Spellcasting
 + Level 1.1 Conjurations
 + Level 1.1 Hexes
 + Level 1.1 Charms
 + Level 1.1 Summonings
 + Level 7.1 Necromancy
 + Level 1.1 Translocations
 + Level 1.1 Transmutations
 + Level 1.1 Fire Magic
 + Level 1.1 Ice Magic
 + Level 1.1 Air Magic
 + Level 1.1 Earth Magic
 + Level 1.1 Poison Magic
 + Level 1.5 Invocations
 + Level 1.3 Evocations


You had 6 spell levels left.
You knew the following spells:

 Your Spells              Type           Power        Failure   Level  Hunger
a - Pain                  Necr           ####         1%          1    None
d - Vampiric Draining     Necr           ####......   1%          3    ##.....
n - Animate Skeleton      Necr           N/A          1%          1    None
r - Regeneration          Chrm/Necr      ###.......   7%          3    ##.....


Dungeon Overview and Level Annotations

Branches:
Dungeon (5/15)
 Temple: D:4-7

Altars:

Shops:
D:4 :

Annotations:
D:4 tidbits's ghost, weakling GnNe


Innate Abilities, Weirdness & Mutations

Your experience applies equally to all skills.
You have very sharp teeth.
Your uncanny sense of smell can sniff out nearby items.


Message History

Your Throwing skill increases to level 1!
Your Armour skill increases to level 1!
Your Shields skill increases to level 1!
Your Unarmed Combat skill increases to level 1!
Your Evocations skill increases to level 1!
You have reached level 4!
You feel clever.
It was a potion of might.
You feel very mighty all of a sudden. The orc priest barely misses you.
You puncture the orc priest!
The orc priest is severely wounded.
You puncture the orc priest!
You kill the orc priest!
Your Conjurations skill increases to level 1!
Your Hexes skill increases to level 1!
Your Charms skill increases to level 1!
Your Summonings skill increases to level 1!
Your Translocations skill increases to level 1!
Your Transmutations skill increases to level 1!
Your Fire Magic skill increases to level 1!
Your Ice Magic skill increases to level 1!
Your Air Magic skill increases to level 1!
Your Earth Magic skill increases to level 1!
Your Poison Magic skill increases to level 1!
Things that are here:
a whip x2; an orc corpse You see here a rapier.
Found a potion of curing.
You feel a little less agile now.
Casting: Pain
Confirm with . or Enter, or press ? or * to list all spells.
Your skin crawls.
Unknown command.
Your skin is crawling a little less now.
You see here a potion of curing.
Unknown command.
d - a potion of curing You feel a little less mighty now.
A hound comes into view.
Your skin stops crawling.
The hound barks!
Found a ration.
You barely miss the hound. The hound bites you but does no damage.
Casting: Regeneration
Confirm with . or Enter, or press ? or * to list all spells.
Aiming: Vampiric Draining
Press: ? - help, Shift-Dir - straight line, f - hound
Aim: a hound The hound is severely wounded.
You feel life coursing into your body. The hound misses you.
The hound barely misses you.
An orc priest comes into view. It is wielding a club.
The orc priest shouts!
You hit the hound but do no damage.
The hound is severely wounded.
The hound bites you.
You barely miss the hound.
The hound is severely wounded.
The hound completely misses you.
Tidbits's ghost (weakling Gnoll Necromancer) comes into view.
Okay, then.
As you read the scroll labeled XIBEBO XIEKHECH, it crumbles to dust.
You feel aware of your surroundings.
It was a scroll of magic mapping.
The hound bites you.
* * * LOW HITPOINT WARNING * * *
As you read the scroll labeled BAEGI XYOREANN, it crumbles to dust.
You feel blessed for a moment.
It was a scroll of remove curse.
The hound bites you.
* * * LOW HITPOINT WARNING * * *
The hound barely misses you. The orc priest hits you with a club.
* * * LOW HITPOINT WARNING * * *
You feel better. The hound bites you.
* * * LOW HITPOINT WARNING * * *
The orc priest closely misses you.
Unknown command.
The hound bites you.
* * * LOW HITPOINT WARNING * * *
You aren't carrying any potions.
Unknown command.
Casting: Vampiric Draining
Confirm with . or Enter, or press ? or * to list all spells.
Aiming: Pain
Press: ? - help, Shift-Dir - straight line, f/p - hound
Aim: a hound (severely wounded, chance to defeat MR: 89%)
The hound writhes in agony!
You kill the hound!
You have reached level 5!
You aren't carrying any potions.
Unknown command.
As you read the scroll labeled XUPEHO VOETZO, it crumbles to dust.
It is a scroll of amnesia.
Okay, then.
Tidbits's ghost misses you. The orc priest misses you.
Okay, then.
As you read the scroll labeled SAPSI KIQA, it crumbles to dust.
It is a scroll of identify.
n - a +0 war axe The orc priest calls down the wrath of Beogh upon you.
Beogh smites you!
You die...

*,**,*#......,,,*,,,,,,,,,,,,,
*,**,**......,,,*,,,,,,****,,,
*,**,**,.....,,,*,**,******,,,
*,**,***#...##***'##.#***,,,,,
*,**,* #...%,,,.......**,,,,,
*,**,####...#***.......**,,,,,
*,**,#......# *.......*,,,,,,
*,**,#.....†####.......',,,,,,
*,**,#.....oW@.........*,,,,,,
*,**...................+,,,,,,
*,**##.................*,,,,,,
*,* #.................,,,,,,,
*,* ###...............,,,,,,,
*,* #...............,,,,*** *,*
####...............,,,,*
**,###..................,******
*,,..........####.......h.h.,,,


You could see an orc priest and tidbits's ghost.

Vanquished Creatures
  2 orc priests (D:4)
  A hound (D:4)
  A worker ant (D:3)
  A hound skeleton (D:4)
  A dart slug (D:2)
  3 leopard geckos
  An orc (D:4)
  A goblin (D:1)
  2 frilled lizards (D:1)
  A kobold (D:3)
  2 rats
16 creatures vanquished.

Notes
Turn   | Place    | Note
-------+----------+-------------------------------------------
     0 | D:1      | tidbits the Gnoll Necromancer began the quest for the Orb.
     0 | D:1      | Reached XP level 1. HP: 13/13 MP: 6/6
   123 | D:2      | Reached XP level 2. HP: 14/19 MP: 2/7
   126 | D:2      | Learned a level 1 spell: Animate Skeleton
   164 | D:4      | Noticed an ogre
   168 | D:3      | Reached skill level 5 in Spellcasting
   168 | D:3      | Reached XP level 3. HP: 8/25 MP: 2/9
   173 | D:3      | Learned a level 3 spell: Vampiric Draining
   177 | D:3      | Learned a level 3 spell: Regeneration
   210 | D:4      | Reached skill level 1 in Invocations
   225 | D:5      | Entered Level 5 of the Dungeon
   271 | D:4      | Found Lafualie's Book Shop.
   327 | D:4      | HP: 1/25 [orc priest/divine providence (14)]
   340 | D:4      | Reached skill level 1 in Fighting
   340 | D:4      | Reached skill level 1 in Short Blades
   340 | D:4      | Reached skill level 1 in Long Blades
   340 | D:4      | Reached skill level 1 in Axes
   340 | D:4      | Reached skill level 1 in Maces & Flails
   340 | D:4      | Reached skill level 1 in Polearms
   340 | D:4      | Reached skill level 1 in Staves
   340 | D:4      | Reached skill level 1 in Slings
   340 | D:4      | Reached skill level 1 in Bows
   340 | D:4      | Reached skill level 1 in Crossbows
   340 | D:4      | Reached skill level 1 in Throwing
   340 | D:4      | Reached skill level 1 in Armour
   340 | D:4      | Reached skill level 1 in Shields
   340 | D:4      | Reached skill level 1 in Unarmed Combat
   340 | D:4      | Reached skill level 1 in Evocations
   340 | D:4      | Reached XP level 4. HP: 7/32 MP: 1/11
   343 | D:4      | Reached skill level 1 in Conjurations
   343 | D:4      | Reached skill level 1 in Hexes
   343 | D:4      | Reached skill level 1 in Charms
   343 | D:4      | Reached skill level 1 in Summonings
   343 | D:4      | Reached skill level 1 in Translocations
   343 | D:4      | Reached skill level 1 in Transmutations
   343 | D:4      | Reached skill level 1 in Fire Magic
   343 | D:4      | Reached skill level 1 in Ice Magic
   343 | D:4      | Reached skill level 1 in Air Magic
   343 | D:4      | Reached skill level 1 in Earth Magic
   343 | D:4      | Reached skill level 1 in Poison Magic
   388 | D:4      | Noticed tidbits's ghost (weakling GnNe)
   393 | D:4      | Reached XP level 5. HP: 7/37 MP: 0/12
   396 | D:4      | Killed from afar by an orc priest

Skill      XL: |  1  2  3  4 |
---------------+-------------+-----
Spellcasting   | 5 |  5.1
Invocations    | 1 |  1.5
Fighting       | 1 |  1.3
Short Blades   | 1 |  1.3
Long Blades    | 1 |  1.3
Axes           | 1 |  1.3
Maces & Flails | 1 |  1.3
Polearms       | 1 |  1.3
Staves         | 1 |  1.3
Slings         | 1 |  1.3
Bows           | 1 |  1.3
Crossbows      | 1 |  1.3
Throwing       | 1 |  1.3
Armour         | 1 |  1.3
Shields        | 1 |  1.3
Unarmed Combat | 1 |  1.3
Evocations     | 1 |  1.3
Conjurations   | 1 |  1.1
Hexes          | 1 |  1.1
Charms         | 1 |  1.1
Summonings     | 1 |  1.1
Translocations | 1 |  1.1
Transmutations | 1 |  1.1
Fire Magic     | 1 |  1.1
Ice Magic      | 1 |  1.1
Air Magic      | 1 |  1.1
Earth Magic    | 1 |  1.1
Poison Magic   | 1 |  1.1
Dodging        | |  4.7
Stealth        | |  4.3
Necromancy     | |  7.1

Action                   |  1- 3 |  4- 6 || total
-------------------------+-------+-------++-------
Melee: Dagger            |     3 |       ||     3
       Rapier            |    12 |     5 ||    17
       Bite              |     1 |       ||     1
 Cast: Pain              |    17 |     2 ||    19
       Vampiric Draining |     2 |     1 ||     3
       Regeneration      |     1 |     1 ||     2
  Use: Potion            |     3 |     2 ||     5
       Scroll            |       |     4 ||     4
 Stab: Sleeping          |     2 |       ||     2
Armor: Robe              |     2 |     1 ||     3
Dodge: Dodged            |    10 |     8 ||    18

Table legend:
 A = Turns spent in this place as a percentage of turns spent in the entire game.
 B = Non-inter-level travel turns spent in this place as a percentage of non-inter-level travel turns spent in the entire game.
 C = Inter-level travel turns spent in this place as a percentage of turns spent in this place.
 D = Turns resting spent in this place as a percentage of non-inter-level travel turns spent in this place.
 E = Turns spent auto-exploring this place as a percentage of non-inter-level travel turns spent in this place.
 F = Non-inter-level travel turns spent in this place divided by the number of levels of this place that you've seen.
                   A       B       C       D       E      F
               +-------+-------+-------+-------+-------+----------------------
         Total | 100.0 | 100.0 |   0.0 |   0.0 |   0.0 |  79.2
       Dungeon | 100.0 | 100.0 |   0.0 |   0.0 |   0.0 |  79.2
               +-------+-------+-------+-------+-------+----------------------

Table legend:
 A = Kills in this place as a percentage of kills in entire the game.
 B = Kills by you in this place as a percentage of kills by you in the entire game.
 C = Kills by friends in this place as a percentage of kills by friends in the entire game.
 D = Other kills in this place as a percentage of other kills in the entire game.
 E = Experience gained in this place as a percentage of experience gained in the entire game.
 F = Experience gained in this place divided by the number of levels of this place that you have seen.
                   A       B       C       D       E      F
               +-------+-------+-------+-------+-------+----------------------
         Total | 100.0 | 100.0 |   N/A |   N/A | 100.0 |  39.0
       Dungeon | 100.0 | 100.0 |   N/A |   N/A | 100.0 |  39.0
               +-------+-------+-------+-------+-------+----------------------

Vault maps used:
D:1:      dpeg_arrival_rooms_c
D:2:      cheibrodos_pilgrimage, overflow_temple_1_default, uniq_sigmund
D:3:      chequers_ecumenical_altar_simple_redux, uniq_crazy_yiuf_cottage,
          uniq_ijyb
D:4:      serial_shops, shop
D:5:      first_ration
